| TOP OF THE 1ST |
|
Winnipeg Goldeyes batting - Pitching for Windy City ThunderBolts : RHP Ruben Castro
|
|
Pitching: RHP Ruben Castro
|
|
|
Batting: SHB Ian Thompson
|
0-0: Ball 1-0: Foul Ball, location: 2F 1-1: Foul Ball, location: 2F 1-2: Ball 2-2: Ball 3-2: Foul Ball, location: 2F 3-2: SINGLE (Line Drive, 56D, EV 99.4 MPH)
|
|
Batting: RHB David McClellan
|
0-0: Ball 1-0: Ball 2-0: Fly out, F7 (Flyball, 7, EV 87.5 MPH)
|
|
Batting: RHB Steve Raine
|
0-0: Ball 1-0: Called Strike 1-1: Swinging Strike 1-2: Foul Ball, location: 2F 1-2: Grounds into double play, 6-4-3 (Groundball, 6, EV 106.9 MPH)
|
| Top of the 1st over - 0 runs, 1 hit, 0 errors, 0 left on base; Winnipeg 0 - Windy City 0 |
| BOTTOM OF THE 1ST |
|
Windy City ThunderBolts batting - Pitching for Winnipeg Goldeyes : RHP Tom Winsor
|
|
Pitching: RHP Tom Winsor
|
|
|
Batting: LHB Adam Tarbutton
|
0-0: Ball 1-0: Ball 2-0: Called Strike 2-1: Ball 3-1: Base on Balls
|
|
Batting: LHB Justin Stickney
|
0-0: Ball 1-0: Ball 2-0: Foul Ball, location: 2F 2-1: Ball Adam Tarbutton is caught stealing 2nd base 2-6 3-1: Called Strike 3-2: Strikes out swinging
|
|
Batting: RHB Adan Lake
|
0-0: Ball 1-0: Ball 2-0: Called Strike 2-1: DOUBLE (Flyball, 89XD, EV 108.1 MPH)
|
|
Batting: RHB Josiah Wright
|
0-0: Ball 1-0: Swinging Strike 1-1: Ball 2-1: Ball 3-1: Called Strike 3-2: Fly out, F8 (Flyball, 8RS, EV 94.4 MPH)
|
| Bottom of the 1st over - 0 runs, 1 hit, 0 errors, 1 left on base; Winnipeg 0 - Windy City 0 |
| TOP OF THE 2ND |
|
Winnipeg Goldeyes batting - Pitching for Windy City ThunderBolts : RHP Ruben Castro
|
|
Batting: LHB Marvin Shepherd
|
0-0: Foul Ball, location: 2F 0-1: Ball 1-1: Fly out, F8 (Flyball, 8RD, EV 103.1 MPH)
|
|
Batting: LHB Kuemon Shishido
|
0-0: Swinging Strike 0-1: Foul Ball, location: 2F 0-2: Ball 1-2: Ball 2-2: Foul Ball, location: 2F 2-2: Ground out 4-3 (Groundball, 4, EV 103.8 MPH)
|
|
Batting: SHB Manny Molina
|
0-0: Ball 1-0: Foul Ball, location: 2F 1-1: Ball 2-1: Foul Ball, location: 2F 2-2: Ball 3-2: Strikes out swinging
|
| Top of the 2nd over - 0 runs, 0 hits, 0 errors, 0 left on base; Winnipeg 0 - Windy City 0 |
| BOTTOM OF THE 2ND |
|
Windy City ThunderBolts batting - Pitching for Winnipeg Goldeyes : RHP Tom Winsor
|
|
Pitching: LHP David Gordon
|
|
|
Batting: RHB Mike Rosa
|
0-0: Ball 1-0: Ground out U3 (Groundball, 13, EV 86.3 MPH)
|
|
Batting: SHB Ethan Villalobos
|
0-0: Swinging Strike 0-1: Called Strike 0-2: Strikes out swinging
|
|
Batting: LHB Evan Oliveri
|
0-0: Foul Ball, location: 2F 0-1: Foul Ball, location: 2F 0-2: Strikes out swinging
|
| Bottom of the 2nd over - 0 runs, 0 hits, 0 errors, 0 left on base; Winnipeg 0 - Windy City 0 |
| TOP OF THE 3RD |
|
Winnipeg Goldeyes batting - Pitching for Windy City ThunderBolts : RHP Ruben Castro
|
|
Batting: LHB Brian Wagner
|
0-0: Ball 1-0: Foul Ball, location: 2F 1-1: Ball 2-1: Fly out, F6 (Line Drive, 6, EV 63.1 MPH)
|
|
Batting: RHB Antonio Santos
|
0-0: Foul Ball, location: 2F 0-1: Foul Ball, location: 2F 0-2: Ball 1-2: Foul Ball, location: 2F 1-2: Ground out 5-3 (Groundball, 5S, EV 84.4 MPH)
|
|
Batting: RHB Ton van Dijk
|
0-0: Called Strike 0-1: Ball 1-1: Swinging Strike 1-2: Ball 2-2: Foul Ball, location: 2F 2-2: Ground out 1-3 (Groundball, 13S, EV 70.6 MPH)
|
| Top of the 3rd over - 0 runs, 0 hits, 0 errors, 0 left on base; Winnipeg 0 - Windy City 0 |
| BOTTOM OF THE 3RD |
|
Windy City ThunderBolts batting - Pitching for Winnipeg Goldeyes : LHP David Gordon
|
|
Batting: LHB Eddie Reyes
|
0-0: Called Strike 0-1: Swinging Strike 0-2: Ball 1-2: Strikes out swinging
|
|
Batting: SHB Alfie Bungledorf
|
0-0: Called Strike 0-1: Ball 1-1: Called Strike 1-2: Ball 2-2: Foul Ball, location: 2F 2-2: Strikes out swinging
|
|
Pitching: RHP Scot Abbott
|
|
|
Batting: LHB Adam Tarbutton
|
0-0: Ball 1-0: Ball 2-0: Foul Ball, location: 2F 2-1: Swinging Strike 2-2: Strikes out swinging
|
| Bottom of the 3rd over - 0 runs, 0 hits, 0 errors, 0 left on base; Winnipeg 0 - Windy City 0 |
| TOP OF THE 4TH |
|
Winnipeg Goldeyes batting - Pitching for Windy City ThunderBolts : RHP Ruben Castro
|
|
Batting: SHB Ian Thompson
|
0-0: Foul Ball, location: 2F 0-1: Ball 1-1: Foul Ball, location: 2F 1-2: Strikes out looking
|
|
Batting: RHB David McClellan
|
0-0: Foul Ball, location: 2F 0-1: SINGLE (Groundball, 4M, EV 104.4 MPH) (infield hit)
|
|
Batting: RHB Steve Raine
|
0-0: Called Strike 0-1: Ball 1-1: Grounds into double play, 6-4-3 (Groundball, 6, EV 85.6 MPH)
|
| Top of the 4th over - 0 runs, 1 hit, 0 errors, 0 left on base; Winnipeg 0 - Windy City 0 |
| BOTTOM OF THE 4TH |
|
Windy City ThunderBolts batting - Pitching for Winnipeg Goldeyes : RHP Scot Abbott
|
|
Batting: LHB Justin Stickney
|
0-0: Swinging Strike 0-1: Foul Ball, location: 2F 0-2: Ball 1-2: Foul Ball, location: 2F 1-2: SINGLE (Groundball, 56D, EV 100.0 MPH)
|
|
Batting: RHB Adan Lake
|
0-0: DOUBLE (Groundball, 5L, EV 105.0 MPH) Justin Stickney to third
|
|
Batting: RHB Josiah Wright
|
0-0: Ball 1-0: Called Strike 1-1: Ball 2-1: Foul Ball, location: 2F 2-2: Foul Ball, location: 2F 2-2: Fly out, F7 (Flyball, 7D, EV 101.9 MPH)
|
|
Batting: RHB Mike Rosa
|
0-0: Ball 1-0: Ball 2-0: Ball 3-0: Base on Balls
|
|
Pitching: RHP Carlos Palacios
|
|
|
Batting: SHB Ethan Villalobos
|
0-0: Swinging Strike 0-1: Ball 1-1: Foul Ball, location: 2F 1-2: Strikes out looking
|
|
Batting: LHB Evan Oliveri
|
0-0: Foul Ball, location: 2F 0-1: SINGLE (Groundball, 6S, EV 61.3 MPH) (infield hit) Justin Stickney scores Adan Lake to third Mike Rosa to second
|
|
Batting: LHB Eddie Reyes
|
0-0: Ball Wild Pitch! Adan Lake scores Mike Rosa to third Evan Oliveri to second 1-0: Ground out 4-3 (Groundball, 4, EV 103.1 MPH)
|
| Bottom of the 4th over - 2 runs, 3 hits, 0 errors, 2 left on base; Winnipeg 0 - Windy City 2 |
| TOP OF THE 5TH |
|
Winnipeg Goldeyes batting - Pitching for Windy City ThunderBolts : RHP Ruben Castro
|
|
Batting: LHB Marvin Shepherd
|
0-0: Ground out 6-3 (Groundball, 6M, EV 84.4 MPH)
|
|
Batting: LHB Kuemon Shishido
|
0-0: Called Strike 0-1: Foul Ball, location: 2F 0-2: Strikes out swinging
|
|
Batting: SHB Manny Molina
|
0-0: Ball 1-0: Foul Ball, location: 2F 1-1: Fly out, F7 (Flyball, 7S, EV 88.8 MPH)
|
| Top of the 5th over - 0 runs, 0 hits, 0 errors, 0 left on base; Winnipeg 0 - Windy City 2 |
| BOTTOM OF THE 5TH |
|
Windy City ThunderBolts batting - Pitching for Winnipeg Goldeyes : RHP Carlos Palacios
|
|
Batting: SHB Alfie Bungledorf
|
0-0: Fly out, F7 (Line Drive, 7, EV 90.6 MPH)
|
|
Batting: LHB Adam Tarbutton
|
0-0: Ball 1-0: Ball 2-0: Ball 3-0: Called Strike 3-1: Called Strike 3-2: Ground out 3-1 (Groundball, 34, EV 83.1 MPH)
|
|
Batting: LHB Justin Stickney
|
0-0: Called Strike 0-1: Fly out, F7 (Flyball, 7S, EV 84.4 MPH)
|
| Bottom of the 5th over - 0 runs, 0 hits, 0 errors, 0 left on base; Winnipeg 0 - Windy City 2 |
| TOP OF THE 6TH |
|
Winnipeg Goldeyes batting - Pitching for Windy City ThunderBolts : RHP Ruben Castro
|
|
Batting: LHB Brian Wagner
|
0-0: Swinging Strike 0-1: Ball 1-1: Called Strike 1-2: Foul Ball, location: 2F 1-2: Ball 2-2: Ball 3-2: Strikes out looking
|
|
Batting: RHB Antonio Santos
|
0-0: Ball 1-0: Foul Ball, location: 2F 1-1: Foul Ball, location: 2F 1-2: Strikes out swinging
|
|
Batting: RHB Ton van Dijk
|
0-0: Ball 1-0: Swinging Strike 1-1: Ball 2-1: Called Strike 2-2: Ground out 6-3 (Groundball, 56, EV 102.5 MPH)
|
| Top of the 6th over - 0 runs, 0 hits, 0 errors, 0 left on base; Winnipeg 0 - Windy City 2 |
| BOTTOM OF THE 6TH |
|
Windy City ThunderBolts batting - Pitching for Winnipeg Goldeyes : RHP Carlos Palacios
|
|
Batting: RHB Adan Lake
|
0-0: SINGLE (Line Drive, 78M, EV 108.1 MPH)
|
|
Pitching: LHP Kevin Drew
|
|
|
Batting: RHB Josiah Wright
|
0-0: Ball 1-0: Ball 2-0: Foul Ball, location: 2F 2-1: Grounds into double play, 6-4-3 (Groundball, 6, EV 87.5 MPH)
|
|
Batting: RHB Mike Rosa
|
0-0: Ball 1-0: Called Strike 1-1: Ball 2-1: Ball 3-1: Swinging Strike 3-2: Base on Balls
|
|
Batting: SHB Ethan Villalobos
|
0-0: Ball 1-0: Foul Ball, location: 2F 1-1: Foul Ball, location: 2F 1-2: Foul Ball, location: 2F 1-2: Foul Ball, location: 2F 1-2: Ball 2-2: Ball Mike Rosa is caught stealing 2nd base 2-4
|
| Bottom of the 6th over - 0 runs, 1 hit, 0 errors, 0 left on base; Winnipeg 0 - Windy City 2 |
| TOP OF THE 7TH |
|
Winnipeg Goldeyes batting - Pitching for Windy City ThunderBolts : RHP Ruben Castro
|
|
Batting: SHB Ian Thompson
|
0-0: Ball 1-0: Foul Ball, location: 2F 1-1: Ball 2-1: Ball 3-1: Swinging Strike 3-2: Foul Ball, location: 2F 3-2: DOUBLE (Line Drive, 9LM, EV 111.9 MPH)
|
|
Batting: RHB David McClellan
|
0-0: Ball 1-0: Foul Ball, location: 2F 1-1: Ball 2-1: Ball 3-1: Foul Ball, location: 2F 3-2: Ground out 6-3 (Groundball, 56, EV 90.6 MPH)
|
|
Batting: RHB Steve Raine
|
0-0: Ball 1-0: Ground out 4-3 (Groundball, 4, EV 101.3 MPH) Ian Thompson to third
|
|
Batting: LHB Marvin Shepherd
|
0-0: Reached on error, E3 (Groundball, 34S, EV 86.3 MPH) Ian Thompson scores
|
|
Batting: LHB Kuemon Shishido
|
0-0: Ball Marvin Shepherd is caught stealing 2nd base 2-6
|
| Top of the 7th over - 1 run, 1 hit, 1 error, 0 left on base; Winnipeg 1 - Windy City 2 |
| BOTTOM OF THE 7TH |
|
Windy City ThunderBolts batting - Pitching for Winnipeg Goldeyes : LHP Kevin Drew
|
|
Pitching: RHP Larry Muttart
|
|
|
Batting: SHB Ethan Villalobos
|
0-0: Ball 1-0: Ball 2-0: Ball 3-0: Base on Balls
|
|
Batting: LHB Evan Oliveri
|
0-0: Called Strike 0-1: Sac Bunt to 25 - play at first, batter OUT! 5-4 Ethan Villalobos to second
|
|
Batting: LHB Eddie Reyes
|
0-0: Foul Ball, location: 2F 0-1: Ground out 6-3 (Groundball, 6, EV 83.8 MPH)
|
|
Batting: SHB Alfie Bungledorf
|
0-0: Ball 1-0: Ball 2-0: Foul Ball, location: 2F 2-1: Ball 3-1: SINGLE (Groundball, 6MD, EV 98.1 MPH) (infield hit) Ethan Villalobos to third
|
|
Batting: LHB Adam Tarbutton
|
0-0: Ball 1-0: Foul Ball, location: 2F 1-1: Swinging Strike 1-2: SINGLE (Groundball, 5S, EV 68.1 MPH) (infield hit) Ethan Villalobos scores Alfie Bungledorf to second
|
|
Batting: LHB Justin Stickney
|
0-0: Ball 1-0: Ball 2-0: Foul Ball, location: 2F 2-1: SINGLE (Groundball, 6D, EV 101.9 MPH) Alfie Bungledorf to third Adam Tarbutton to second Runner from 3rd tries for Home, SAFE, throw by LF to home
|
|
Pitching: RHP Tim Weller
|
|
|
Batting: RHB Adan Lake
|
0-0: Ball 1-0: Ball 2-0: Called Strike 2-1: Ball 3-1: Foul Ball, location: 2F 3-2: Strikes out looking
|
| Bottom of the 7th over - 2 runs, 3 hits, 0 errors, 2 left on base; Winnipeg 1 - Windy City 4 |
| TOP OF THE 8TH |
|
Winnipeg Goldeyes batting - Pitching for Windy City ThunderBolts : RHP Ruben Castro
|
|
Now at 3B: Mike Rosa
|
|
|
Now at SS: Alfie Bungledorf
|
|
|
Now in RF: Armando Vazquez
|
|
|
Batting: LHB Kuemon Shishido
|
0-0: Ball 1-0: Ball 2-0: Called Strike 2-1: Ball 3-1: Base on Balls
|
|
Batting: SHB Manny Molina
|
0-0: Ball 1-0: Foul Ball, location: 2F 1-1: Swinging Strike 1-2: Ball 2-2: Ball 3-2: Foul Ball, location: 2F 3-2: Strikes out swinging
|
|
Pitching: RHP Matt Christensen
|
|
|
Batting: LHB Brian Wagner
|
0-0: SINGLE (Groundball, 4MD, EV 98.8 MPH) Kuemon Shishido to second
|
|
Batting: RHB Antonio Santos
|
0-0: Ground out 4-3 (Groundball, 34, EV 107.5 MPH) Kuemon Shishido to third Brian Wagner to second
|
|
Batting: RHB Ton van Dijk
|
0-0: Ball 1-0: Fly out, F8 (Line Drive, 8LM, EV 94.4 MPH)
|
| Top of the 8th over - 0 runs, 1 hit, 0 errors, 2 left on base; Winnipeg 1 - Windy City 4 |
| BOTTOM OF THE 8TH |
|
Windy City ThunderBolts batting - Pitching for Winnipeg Goldeyes : RHP Tim Weller
|
|
Batting: RHB Josiah Wright
|
0-0: Called Strike 0-1: Ball 1-1: Ball 2-1: Ball 3-1: Foul Ball, location: 2F 3-2: Foul Ball, location: 2F 3-2: SINGLE (Groundball, 6MD, EV 96.9 MPH)
|
|
Batting: RHB Mike Rosa
|
0-0: Ball 1-0: Ball 2-0: Called Strike 2-1: Ball 3-1: Foul Ball, location: 2F 3-2: Base on Balls Josiah Wright to second
|
|
Batting: SHB Ethan Villalobos
|
0-0: Ball 1-0: Ball 2-0: Swinging Strike 2-1: Swinging Strike 2-2: Strikes out swinging
|
|
Batting: LHB Evan Oliveri
|
0-0: Called Strike 0-1: Foul Ball, location: 2F 0-2: Reached on error, E6 (Groundball, 6, EV 79.4 MPH) Josiah Wright to third Mike Rosa to second
|
|
Batting: LHB Eddie Reyes
|
0-0: Ball 1-0: Foul Ball, location: 2F 1-1: Grounds into fielders choice 3-2 (Groundball, 3, EV 81.3 MPH) Mike Rosa to third Evan Oliveri to second
|
|
Batting: SHB Alfie Bungledorf
|
0-0: Ball 1-0: Foul Ball, location: 2F 1-1: Ball 2-1: Ball 3-1: Base on Balls Mike Rosa scores Evan Oliveri to third Eddie Reyes to second
|
|
Batting: LHB Adam Tarbutton
|
0-0: Ball 1-0: Ball 2-0: Foul Ball, location: 2F 2-1: GRAND SLAM HOME RUN (Flyball, 7D, EV 103.8 MPH), Distance : 385 ft
|
|
Batting: RHB Armando Vazquez
|
0-0: Called Strike 0-1: Foul Ball, location: 2F 0-2: Ball 1-2: SINGLE (Groundball, 4MD, EV 95.0 MPH)
|
|
Batting: RHB Adan Lake
|
0-0: Ball 1-0: Ball 2-0: SINGLE (Groundball, 34D, EV 94.4 MPH) Armando Vazquez to second
|
|
Batting: RHB Josiah Wright
|
0-0: Swinging Strike 0-1: SINGLE (Line Drive, 78M, EV 96.9 MPH) Armando Vazquez to third Adan Lake to second Runner from 3rd tries for Home, SAFE, throw by LF to home
|
|
Batting: RHB Mike Rosa
|
0-0: 3-RUN HOME RUN (Flyball, 9D, EV 99.4 MPH), Distance : 365 ft
|
|
Pitching: RHP Aaron Elliott
|
|
|
Batting: SHB Ethan Villalobos
|
0-0: Called Strike 0-1: Called Strike 0-2: Ball 1-2: SINGLE (Flyball, 9LS, EV 89.4 MPH)
|
|
Batting: LHB Evan Oliveri
|
0-0: Foul Ball, location: 2F 0-1: Called Strike 0-2: Strikes out swinging
|
| Bottom of the 8th over - 9 runs, 7 hits, 1 error, 1 left on base; Winnipeg 1 - Windy City 13 |
| TOP OF THE 9TH |
|
Winnipeg Goldeyes batting - Pitching for Windy City ThunderBolts : RHP Matt Christensen
|
|
Batting: SHB Ian Thompson
|
0-0: Ball 1-0: Ball 2-0: Foul Ball, location: 2F 2-1: Ground out 6-3 (Groundball, 6M, EV 90.0 MPH)
|
|
Batting: RHB David McClellan
|
0-0: Ball 1-0: Ball 2-0: Foul Ball, location: 2F 2-1: Foul Ball, location: 2F 2-2: Fly out, F9 (Line Drive, 9D, EV 92.5 MPH)
|
|
Batting: RHB Steve Raine
|
0-0: Foul Ball, location: 2F 0-1: Foul Ball, location: 2F 0-2: SOLO HOME RUN (Flyball, 7LD, EV 91.9 MPH), Distance : 341 ft
|
|
Batting: LHB Marvin Shepherd
|
0-0: Ball 1-0: Called Strike 1-1: Called Strike 1-2: Ball 2-2: Strikes out swinging
|
| Top of the 9th over - 1 run, 1 hit, 0 errors, 0 left on base; Winnipeg 2 - Windy City 13 |
|